 Dungeon Crawl Stone Soup version 0.30-a0-778-g2ef04afb54 (webtiles) character file.

Game seed: 3143139426490268810

6228 Oxelix the Severer (level 10, -1/93 HPs)
             Began as a Hill Orc Fighter on Feb 16, 2023.
             Was a Priest of Beogh.
             Slain by Snorg (18 damage)
             ... on level 10 of the Dungeon.
             The game lasted 00:14:57 (8302 turns).

Oxelix the Severer (Hill Orc Fighter)               Turns: 8302, Time: 00:14:58

Health: -1/93      AC: 17    Str: 24    XL:     10   Next: 92%
Magic:  13/13      EV:  7    Int:  8    God:    Beogh [***...]
Gold:   479        SH:  0    Dex: 10    Spells: 9/9 levels left

rFire   . . .      SeeInvis +    u - +0 war axe (heavy)
rCold   . . .      Faith    .    i - orb {light}
rNeg    . . .      Spirit   .    n - +0 plate armour
rPois   .          Reflect  .    x - +0 helmet
rElec   .          Harm     .    s - +0 cloak
rCorr   +          Rampage  .    f - +0 pair of gloves
Will    .....                    (no boots) Stlth
                                 (no amulet)
HPRegen 0.35/turn                l - ring of resist corrosion
MPRegen 0.13/turn                M - ring of see invisible

@: glowing
A: no striking features
a: Renounce Religion, Smiting


You were on level 10 of the Dungeon.
You worshipped Beogh.
Beogh was most pleased with you.
You visited 2 branches of the dungeon, and saw 11 of its levels.

You collected 667 gold pieces.
You spent 188 gold pieces at shops.

Inventory:

Hand Weapons
 u - a +0 heavy war axe (weapon)
 N - a +3 war axe of freezing
 O - a +4 battleaxe
Missiles
 b - 6 boomerangs (quivered)
 K - 37 poisoned darts
Armour
 c - a +0 buckler
 f - a +0 pair of gloves (worn)
 i - an orb of light (worn)
 n - a +0 plate armour (worn)
 s - a +0 cloak (worn)
 x - a +0 helmet (worn)
 A - a +0 kite shield
 J - a +3 ring mail
Magical Staves
 p - a staff of earth
Jewellery
 l - a ring of resist corrosion (left hand)
 D - a ring of fire
 M - a ring of see invisible (right hand)
Wands
 v - a wand of digging (2)
 B - a wand of charming (8)
 G - a wand of polymorph (5)
Scrolls
 a - a scroll of fog {unknown}
 e - 2 scrolls of enchant armour {unknown}
 h - 2 scrolls of noise {unknown}
 j - 5 scrolls of vulnerability
 k - 2 scrolls of magic mapping {unknown}
 q - 2 scrolls of fear
 w - a scroll of silence {unknown}
 y - 2 scrolls of teleportation {unknown}
 F - a scroll of identify
 H - a scroll of enchant weapon {unknown}
 I - a scroll of immolation {unknown}
Potions
 d - a potion of might
 m - 2 potions of attraction {unknown}
 o - 4 potions of curing
 r - a potion of magic {unknown}
 t - a potion of heal wounds {unknown}
 z - a potion of lignification {unknown}
 C - a potion of mutation {unknown}
 E - a potion of brilliance {unknown}
 L - a potion of ambrosia


   Skills:
 - Level 10.0 Fighting
 - Level 16.0 Axes
 * Level 7.0 Armour
 - Level 3.2 Shields
 + Level 4.9 Invocations


You had 9 spell levels left.
You didn't know any spells.
Your spell library contained the following spells:

 Spells                   Type           Power      Damage    Failure   Level
 Shock                    Conj/Air       0%         1d3       99%         1
 Cigotuvi's Dreadful Rot  Necr/Pois/Air  0%         N/A       100%        2
 Ensorcelled Hibernation  Hex/Ice        0%         N/A       100%        2
 Poisonous Vapours        Pois/Air       0%         N/A       100%        2
 Mephitic Cloud           Conj/Pois/Air  0%         N/A       100%        3
 Spider Form              Tmut/Pois      0%         N/A       100%        3
 Swiftness                Air            0%         N/A       100%        3
 Tukima's Dance           Hex            0%         N/A       100%        3
 Airstrike                Air            0%         2d(0-16)  100%        4
 Anguish                  Hex/Necr       0%         N/A       100%        4
 Passage of Golubria      Tloc           0%         N/A       100%        4
 Yara's Violent Unravell  Hex/Tmut       0%         3d3       100%        5
 Enfeeble                 Hex            0%         N/A       100%        7


Dungeon Overview and Level Annotations

Branches:
Dungeon (10/15)            Temple (1/1) D:5
   Lair: D:8-11         Orc: D:9-12

Altars:
Ashenzari
Cheibriados
Dithmenos
Elyvilon
Fedhas
Gozag
Hepliaklqana
Kikubaaqudgha
Makhleb
Nemelex Xobeh
Okawaru
Qazlal
Ru
Sif Muna
Trog
Uskayaw
Vehumet
Wu Jian
Xom
Yredelemnul
Zin
The Shining One
Beogh

Shops:
D:3 (   D:9 [

Annotations:
D:10 Snorg


Message History

Your Armour skill increases to level 7!
Snorg bites you but does no damage. Snorg claws you. x2
You slice Snorg!!
Snorg is moderately wounded.
Snorg bites you but does no damage. Snorg claws you but does no damage.
Snorg claws you.
You barely miss Snorg.
Snorg is moderately wounded.
Snorg bites you but does no damage. Snorg claws you but does no damage. x2
You barely miss Snorg.
Snorg is moderately wounded.
Snorg bites you but does no damage. Snorg barely misses you.
Snorg claws you but does no damage.
You slice Snorg!!
Snorg is heavily wounded.
Snorg bites you! Snorg claws you. Snorg claws you!
You barely miss Snorg.
Snorg is heavily wounded.
Snorg bites you but does no damage. Snorg barely misses you.
Snorg closely misses you.
You slash Snorg!
Snorg is severely wounded.
Snorg bites you but does no damage. Snorg claws you. Snorg closely misses you.
You hit Snorg.
Snorg is severely wounded.
Snorg bites you. Snorg claws you. Snorg claws you but does no damage.
You barely miss Snorg.
Snorg is severely wounded.
Snorg goes berserk!
You slice Snorg!!
Snorg is severely wounded.
Snorg bites you. Snorg claws you but does no damage. x2
You slice Snorg!!
Snorg is almost dead.
Snorg bites you!
* * * LOW HITPOINT WARNING * * *
Snorg claws you but does no damage. Snorg claws you.
* * * LOW HITPOINT WARNING * * *
Snorg bites you but does no damage. Snorg claws you!!
You die...

#.....#####.# #.#
#.#.#.##....#
#.#.#.##.##.#######..
# #...<.............#
###(##.####..######
#.##.####..#
..##.......#
##########.## #.@.#
#.T.# #...# #...#
#...# ..... .....
.......


You could see Snorg (berserk).

Vanquished Creatures
  A two-headed ogre (D:9)
  Maggie (D:8)
  Psyche (D:9)
  2 hornets
  A troll (D:10)
  4 yaks (D:9)
  An acid dragon (D:9)
  2 orc warriors
  A black bear (D:5)
  2 ice beasts
  3 ogres
  A wolf (D:9)
  4 centaurs
  2 gnoll sergeants
  7 bullfrogs
  3 kobold brigands (D:8)
  3 scorpions
  2 necrophages
  5 wights (D:9)
  3 killer bees (D:10)
  3 howler monkeys
  A crimson imp (D:6)
  11 hounds
  2 jellies
  3 orc priests
  A gnoll bouda (D:7)
  5 iguanas
  4 orc wizards
  21 gnolls
  4 adders
  2 white imps
  An ufetubus (D:4)
  A worm (D:2)
  2 dart slugs (D:3)
  11 orcs
  4 ball pythons
  8 bats
  7 endoplasms
  2 giant cockroaches
  6 goblins
  7 hobgoblins
  16 jackals
  9 quokkas
  A frilled lizard (D:2)
  20 kobolds
  3 rats
204 creatures vanquished.

Vanquished Creatures (others)
  2 kobolds (D:8)
2 creatures vanquished.

Grand Total: 206 creatures vanquished

Notes
Turn   | Place    | Note
-------+----------+-------------------------------------------
     0 | D:1      | Oxelix the Hill Orc Fighter began the quest for the Orb.
     0 | D:1      | Reached XP level 1. HP: 19/19 MP: 1/1
    35 | D:1      | Reached skill level 3 in Axes
    96 | D:1      | Reached XP level 2. HP: 27/27 MP: 2/2
   436 | D:1      | Reached skill level 4 in Axes
   550 | D:1      | Reached XP level 3. HP: 33/33 MP: 3/3
   886 | D:2      | Reached XP level 4. HP: 41/41 MP: 4/4
   954 | D:2      | Reached skill level 5 in Axes
   973 | D:2      | Identified the +1 robe "Biptaju" {Int+7 Slay-5}
  1282 | D:3      | Found a faded altar of an unknown god.
  1283 | D:3      | Noticed an eye of devastation
  1285 | D:3      | Noticed a shining eye
  1285 | D:3      | Noticed a shining eye
  1285 | D:3      | Noticed a golden eye
  1462 | D:3      | Reached XP level 5. HP: 47/47 MP: 5/5
  1474 | D:3      | Found a roughly hewn altar of Beogh.
  1476 | D:3      | Became a worshipper of Beogh the Brigand
  1644 | D:3      | Found a basalt altar of Yredelemnul.
  1842 | D:3      | Found Hemmim's Antique Weapon Emporium.
  1847 | D:3      | Bought a runed war axe for 188 gold pieces
  2013 | D:4      | Reached skill level 5 in Fighting
  2013 | D:4      | Reached skill level 6 in Axes
  2139 | D:4      | Found a hide-covered altar of Uskayaw.
  2169 | D:4      | Reached skill level 7 in Axes
  2169 | D:4      | Reached XP level 6. HP: 53/56 MP: 6/6
  2466 | D:4      | Noticed an orc warrior
  2472 | D:4      | Killed an orc warrior
  2473 | D:4      | Reached skill level 8 in Axes
  2473 | D:4      | Reached XP level 7. HP: 57/63 MP: 7/7
  2572 | D:4      | Reached * piety under Beogh
  2761 | D:4      | Reached skill level 9 in Axes
  2765 | D:4      | HP: 2/64 [gnoll/+0 spear[a gnoll sergeant] (5)]
  3289 | D:5      | Entered Level 5 of the Dungeon
  3518 | D:5      | Reached skill level 10 in Axes
  3518 | D:5      | Reached XP level 8. HP: 51/73 MP: 8/8
  3695 | D:5      | Found a staircase to the Ecumenical Temple.
  3735 | Temple   | Entered the Ecumenical Temple
  4063 | D:6      | Reached skill level 11 in Axes
  4099 | D:6      | Reached ** piety under Beogh
  4688 | D:6      | Found a burning altar of Makhleb.
  4742 | D:7      | Noticed a hornet
  4747 | D:7      | Killed a hornet
  4748 | D:7      | Reached skill level 12 in Axes
  4748 | D:7      | Reached XP level 9. HP: 45/82 MP: 5/9
  5255 | D:7      | Found a shimmering blue altar of Sif Muna.
  5601 | D:8      | Reached skill level 13 in Axes
  5613 | D:8      | HP: 4/83 [orc warrior/+0 morningstar (10)]
  5841 | D:8      | Noticed Maggie
  6073 | D:8      | Killed Maggie
  6080 | D:8      | Reached skill level 14 in Axes
  6198 | D:8      | Reached skill level 10 in Fighting
  6549 | D:8      | Reached XP level 10. HP: 83/93 MP: 10/10
  6658 | D:8      | Found a shimmering altar of Xom.
  6725 | D:9      | Reached skill level 15 in Axes
  7006 | D:9      | Paralysed by a hornet for 2 turns
  7196 | D:9      | Reached *** piety under Beogh
  7197 | D:9      | Reached skill level 16 in Axes
  7365 | D:9      | Noticed Psyche
  7367 | D:9      | Reached skill level 1 in Invocations
  7384 | D:9      | Killed Psyche
  7385 | D:9      | Reached skill level 5 in Armour
  7397 | D:9      | Noticed a two-headed ogre
  7668 | D:9      | Found Qerchydi's Armour Shoppe.
  7822 | D:9      | Killed a two-headed ogre
  7910 | D:9      | Found a snail-covered altar of Cheibriados.
  7945 | D:9      | Noticed a skeletal warrior
  7945 | D:9      | Noticed a centaur warrior
  7945 | D:9      | Noticed a centaur warrior
  7945 | D:9      | Noticed a cyclops
  7945 | D:9      | Noticed a black mamba
  7945 | D:9      | Noticed a manticore
  7955 | D:9      | Noticed a cyan ugly thing
  7955 | D:9      | Noticed a brown ugly thing
  7956 | D:9      | a komodo dragon changed into a salamander
  7956 | D:9      | Noticed a salamander (shapeshifter)
  7956 | D:9      | Noticed a skeletal warrior
  8153 | D:9      | Noticed an eye of devastation
  8202 | D:10     | Entered Level 10 of the Dungeon
  8288 | D:10     | Noticed Snorg
  8302 | D:10     | Slain by Snorg

Illustrated notes

Levels and vault maps discovered:
D:1:      psy_arrival_whirlpool, layout_basic
D:2:      layout_basic, st_stairs_14, skrybe_limestone_x
D:3:      layout_loops_ring, mainiacjoe_overflow_24_doors,
          hellmonk_ecumenical_altar_watching_god, serial_shops, shop,
          kennysheep_orc_chapel
D:4:      layout_basic, kennysheep_little_box
D:5:      layout_cave_pools, minmay_temple_entry_junction
D:6:      layout_cave_pods, makhleb_grotto_becter
D:7:      layout_basic, mainiacjoe_overflow_concentric_impassable, minivault_26,
          kennysheep_generic_room_6
D:8:      layout_rooms, overflow_temple_1_default, minmay_misc_feat_pillars,
          uniq_maggie
D:9:      layout_cave_pools, lemuel_crystal_altar, serial_gnoll_camp,
          gnoll_camp_mini_doghouse, gnoll_camp_mini_doghouse,
          gnoll_camp_mini_doghouse, gnoll_camp_mini_shop,
          gnoll_camp_mini_doghouse, minivault_12, uniq_psyche
D:10:     layout_loops_cross, orc_0_dummy, due_unseen_surprise, uniq_snorg,
          uniq_sonja
Temple:   kb_temple_of_zot

Skill      XL: |  1  2  3  4  5  6  7  8  9 10 |
---------------+-------------------------------+-----
Axes           | 3 4 5 7 8 10 12 14 16 | 16.0
Fighting       | 4 5 6 7 8 10 | 10.0
Invocations    | 4 |  4.9
Armour         | 7 |  7.0
Shields        | |  3.2

Action                     |  1- 3 |  4- 6 |  7- 9 | 10-12 || total
---------------------------+-------+-------+-------+-------++-------
  Melee: War axe           |    62 |    87 |   151 |   111 ||   411
         Unarmed           |       |       |       |    10 ||    10
 Invoke: Convert to Beogh  |       |     1 |       |       ||     1
         Smiting           |       |       |     2 |     2 ||     4
    Use: Scroll            |       |       |     5 |       ||     5
         Potion            |       |       |     3 |     1 ||     4
 Armour: Scale mail        |    39 |       |       |       ||    39
         Plate armour      |       |    67 |   129 |    91 ||   287
  Dodge: Dodged            |    51 |    25 |    48 |    41 ||   165
  Block: Buckler           |     4 |       |       |       ||     4
         Kite shield       |       |       |    45 |    32 ||    77

Table legend: (Time is in decaauts)
 A = Elapsed time spent in this place.
 B = Non-inter-level travel time spent in this place.
 C = Inter-level travel time spent in this place.
 D = Time resting spent in this place.
 E = Time spent auto-exploring this place.
 F = Levels seen in this place.
 G = Mean time per level.
                   A        B        C        D        E       F      G
               +--------+--------+--------+--------+--------+-----+--------+
         Total |   8426 |   8128 |    298 |   1516 |   5189 |  11 |  766.0 |
       Dungeon |   8319 |   8036 |    283 |   1516 |   5109 |  10 |  831.9 |
        Temple |    106 |     91 |     15 |      0 |     80 |   1 |  106.0 |
               +--------+--------+--------+--------+--------+-----+--------+

Top non-repeatable levels by time:
     D:4: 1376 daAuts
     D:9: 1342 daAuts
     D:7: 1314 daAuts
     D:8: 866 daAuts
     D:1: 757 daAuts
     D:3: 728 daAuts
     D:6: 724 daAuts
     D:5: 617 daAuts
     D:2: 493 daAuts
  Temple: 106 daAuts
    D:10: 99 daAuts
